 Dungeon Crawl Stone Soup version 0.15-a0-1439-g2e54579 (webtiles) character file.

1493 Crauler the Insei (level 8, 0/52 HPs)
             Began as an Octopode Transmuter on June 12, 2014.
             Was a Follower of Kikubaaqudgha.
             Slain by a killer bee (3 damage)
             ... on Level 6 of the Dungeon.
             The game lasted 00:37:25 (8151 turns).

Crauler the Insei (Octopode Transmuter)             Turns: 8151, Time: 00:37:25

HP   0/52        AC  2     Str 12      XL: 8   Next: 81%
MP  17/17        EV 15     Int 19      God: Kikubaaqudgha [*.....]
Gold 325         SH  0     Dex 14      Spells:  2 memorised, 10 levels left

rFire  + . .     SeeInvis .     q - +2,+1 glaive (chop)
rCold  . . .     Clarity  .     (no shield)
rNeg   + + .     rCorr    .     (helmet restricted)
rPois  .         rRot     .     y - amulet of the gourmand
rElec  .         Spirit   .     m - ring of positive energy
SustAb .         Warding  .     r - +3 ring of intelligence
rMut   .         Stasis   .     x - +3 ring of strength
Gourm  +                        G - ring of positive energy
MR     .....                    H - ring of protection from cold
                                b - ring of fire
                                (no ring)
                                (no ring)

@: very slightly contaminated, hasted, very quick, not resistant to hostile
enchantments, stealthy
A: almost no armour, amphibious, 8 rings, constrict 8, molten scales 1,
camouflage 1, wild magic 1, gelatinous body 1
a: Receive Corpses, Renounce Religion


You were on level 6 of the Dungeon.
You worshipped Kikubaaqudgha.
Kikubaaqudgha was aware of your devotion.
You were very full.

You visited 2 branches of the dungeon, and saw 7 of its levels.

You collected 325 gold pieces.

Inventory:

Hand weapons
 q - a +2,+1 glaive of chopping (weapon)
Armour
 J - a +0 shield
Comestibles
 a - 4 bread rations
 i - a beef jerky
 l - 6 meat rations
 o - 5 rotting chunks of ogre flesh
 s - 3 fruits
 v - 2 rotting chunks of orc flesh
Scrolls
 f - a scroll of enchant weapon II
 g - 5 scrolls of teleportation
 h - a scroll of recharging
 j - 2 scrolls of remove curse
 p - a scroll of magic mapping
 t - 9 scrolls of identify
Jewellery
 b - a ring of fire (on tentacle)
 m - a ring of positive energy (left tentacle)
 r - a +3 ring of intelligence (right tentacle)
 x - a +3 ring of strength (on tentacle)
 y - an amulet of the gourmand (around mantle)
 C - an uncursed amulet of resist corrosion
 G - a ring of positive energy (on tentacle)
 H - a ring of protection from cold (on tentacle)
Potions
 c - a potion of cure mutation {unknown}
 k - 3 potions of curing
 n - a potion of flight
Books
 d - a book of Changes

   Spells                             Type                      Level
   *Beastly Appendage                 Transmutation                1
   Sticks to Snakes                   Transmutation                2
   *Spider Form                       Transmutation/Poison         3
   Ice Form                           Ice/Transmutation            4
   Blade Hands                        Transmutation                5
 e - Kikubaaqudgha's Grimoire of Darkness
   (Kikubaaqudgha gifted it to you on level 5 of the Dungeon)

   Spells                             Type                      Level
   Animate Skeleton                   Necromancy                   1
   Corpse Rot                         Necromancy                   2
   Sublimation of Blood               Necromancy                   2
   Vampiric Draining                  Necromancy                   3
   Control Undead                     Necromancy                   4
 z - Kikubaaqudgha's Volume of Stolen Souls
   (You found it on level 3 of the Dungeon)

   Spells                             Type                      Level
   Animate Skeleton                   Necromancy                   1
Magical staves
 u - an uncursed staff of conjuration


   Skills:
 + Level 3.2 Fighting
 + Level 1.7 Polearms
 * Level 5.3 Dodging
 + Level 4.3 Stealth
 + Level 0.4 Shields
 - Level 5.3 Unarmed Combat
 + Level 3.5 Spellcasting
 + Level 2.6 Necromancy
 - Level 5.1 Transmutations


You had 10 spell levels left.
You knew the following spells:

 Your Spells              Type           Power        Failure   Level  Hunger
a - Beastly Appendage     Trmt           ####..       5%          1    None
b - Spider Form           Trmt/Pois      ###.......   30%         3    ###....


Dungeon Overview and Level Annotations

Branches:
Dungeon (6/15)             Temple (1/1) D:4

Altars:
Ashenzari
Cheibriados
Elyvilon
Fedhas
Gozag
Kikubaaqudgha
Makhleb
Nemelex Xobeh
Sif Muna
Trog
Vehumet
Xom
Zin
Jiyva

Shops:
D:5 :


Innate Abilities, Weirdness & Mutations

You cannot wear most types of armour.
You are amphibious.
You can wear up to eight rings at the same time.*
You can use your tentacles to constrict many enemies at once.*
Your skin changes colour to match your surroundings (Stealth).*
Your rubbery body absorbs attacks (AC +1).*
You are partially covered in molten scales (AC +1).*
Your spells are a little harder to cast, but a little more powerful.


Message History

You feel much better.
You feel sick. The killer bee stings you.
You are more poisoned.
The killer bee poisons you! The killer bee barely misses you.
Drink which item? (? for menu, Esc to quit)
You feel better. The killer bee misses you. The killer bee stings you.
Drink which item? (? for menu, Esc to quit)
You feel yourself speed up. The killer bee stings you.
The killer bee stings you.
You are very lightly contaminated with residual magic.
You closely miss the killer bee. Your grab misses the killer bee.
The killer bee stings you!
* * * LOW HITPOINT WARNING * * *
The killer bee stings you.
* * * LOW HITPOINT WARNING * * *
You slash the killer bee!
You kill the killer bee!
Kikubaaqudgha accepts your kill. The killer bee stings you.
You die...
Kikubaaqudgha rasps: "You have failed me!
Welcome... death!"

####### #...... #......
#...... #......
##.#################......
........y@(.......[.......
...##########...###.......
#...##.....###
#...##.....###
#...##........
#...##.....)##
#.).###.###.# #.).#
#.###.# ##(## #.#...#


You could see a killer bee.

Vanquished Creatures
  2 ice beasts (D:6)
  3 ogres
  Duvessa (D:6)
  A giant frog (D:6)
  2 killer bees (D:6)
  2 scorpions
  Dowan (D:6)
  A crimson imp (D:5)
  A hippogriff skeleton (D:6)
  2 hounds
  3 orc priests
  An iguana (D:6)
  4 orc wizards
  3 worker ants
  8 adders
  A gnoll (D:3)
  An inept feature mimic (D:3)
  An inept item mimic (D:2)
  A shadow imp (D:5)
  4 worms
  An orc zombie (D:5)
  An adder skeleton (D:4)
  3 giant geckos
  An ooze (D:4)
  16 orcs
  19 bats
  8 giant cockroaches
  16 hobgoblins
  9 jackals
  3 quokkas
  A ball python (D:1)
  3 giant newts
  11 goblins
  12 kobolds
  A kobold zombie (D:5)
  11 rats
159 creatures vanquished.

Notes
Turn   | Place    | Note
--------------------------------------------------------------
     0 | D:1      | Crauler, the Octopode Transmuter, began the quest for the Orb.
     0 | D:1      | Reached XP level 1. HP: 13/13 MP: 3/3
   138 | D:1      | Reached XP level 2. HP: 18/18 MP: 2/4
   817 | D:1      | Reached XP level 3. HP: 20/23 MP: 6/6
   822 | D:1      | Learned a level 3 spell: Spider Form
  1007 | D:2      | Found an opulent altar of Gozag.
  1422 | D:2      | Found a glowing silver altar of Zin.
  1688 | D:2      | Reached XP level 4. HP: 23/28 MP: 7/7
  1746 | D:2      | Found a burning altar of Makhleb.
  1747 | D:2      | Noticed a balrug
  1752 | D:2      | Noticed a ynoxinul
  1752 | D:2      | Noticed a ynoxinul
  2507 | D:3      | Reached skill level 1 in Stealth
  2507 | D:3      | Reached XP level 5. HP: 18/33 MP: 9/9
  2875 | D:3      | Reached skill level 4 in Unarmed Combat
  3031 | D:3      | Found a burning altar of Makhleb.
  3281 | D:3      | Found an ancient bone altar of Kikubaaqudgha.
  3286 | D:3      | Identified Kikubaaqudgha's Volume of Stolen Souls
  3288 | D:3      | Became a worshipper of Kikubaaqudgha
  3293 | D:3      | Found a deep blue altar of Sif Muna.
  3297 | D:3      | Identified Sif Muna's Guide on Conjuration
  3301 | D:3      | Found a radiant altar of Vehumet.
  3305 | D:3      | Identified Vehumet's Guide on Arcane Weapons
  3554 | D:3      | Found a shimmering altar of Xom.
  4371 | D:4      | Reached XP level 6. HP: 35/39 MP: 11/11
  4869 | D:4      | Reached skill level 1 in Necromancy
  4966 | D:4      | Found a staircase to the Ecumenical Temple.
  4987 | Temple   | Entered the Ecumenical Temple
  5122 | D:5      | Entered Level 5 of the Dungeon
  5405 | D:5      | Gained mutation: You are partially covered in molten scales (AC +1). [potion of mutation]
  5405 | D:5      | Gained mutation: Your spells are a little harder to cast, but a little more powerful. [potion of mutation]
  5577 | D:5      | Reached XP level 7. HP: 41/45 MP: 13/13
  5856 | D:5      | Acquired Kikubaaqudgha's first power
  5856 | D:5      | Received a gift from Kikubaaqudgha
  5859 | D:5      | Identified Kikubaaqudgha's Grimoire of Darkness (Kikubaaqudgha gifted it to you on level 5 of the Dungeon)
  5911 | D:5      | Reached skill level 5 in Unarmed Combat
  6114 | D:5      | Found Ubli Hen's Book Boutique.
  6844 | D:6      | Noticed Duvessa
  6845 | D:6      | Noticed Dowan
  6855 | D:6      | Killed Duvessa
  6855 | D:6      | Reached XP level 8. HP: 26/51 MP: 16/16
  6859 | D:6      | Killed Dowan
  7387 | D:6      | Reached skill level 1 in Polearms
  7684 | D:6      | Reached skill level 5 in Transmutations
  7874 | D:6      | Reached skill level 5 in Dodging
  8151 | D:6      | Slain by a killer bee

Action                   |  1- 3 |  4- 6 |  7- 9 || total
-------------------------+-------+-------+-------++-------
Melee: Unarmed           |    88 |   178 |    71 ||   337
       Glaive            |       |       |    97 ||    97
 Cast: Beastly Appendage |     6 |    10 |     2 ||    18
       Spider Form       |       |     1 |     2 ||     3
  Use: Potion            |       |    10 |     4 ||    14
       Scroll            |       |       |     9 ||     9
 Stab: Sleeping          |     2 |    10 |     9 ||    21
